General information
- name: BNet
- type: Ladder team game (AT/RT)
- host: Battle.net
- saver: CaligulaXXXIIx
map: SilverpineForest
- players: 6
- length: 30:53
- speed: Fast
- version: 1.24 W3XP
- replay type: Public
» download(181 KB)
Players
team 1 (loser)
JewsAreOverated (
yellow | 25 APM | 760 actions | 30:34)
6 Blademaster
3 Wind Walk
2 Critical Strike
1 Bladestorm
» actions
| Assign group hotkey | 4 | |
| Basic commands | 37 | |
| Build / train | 81 | |
| Enter build submenu | 20 | |
| Enter hero's abilities submenu | 6 | |
| Give item / drop item | 4 | |
| Remove unit from queue | 5 | |
| Right click | 345 | |
| Select / deselect | 205 | |
| Select group hotkey | 2 | |
| Use ability | 50 | |
760 total
» units
| Peon | 18 | |
| Grunt | 21 | |
| Shaman | 4 | |
| Tauren | 15 | |
58 total
» upgrades
| Ranged Weapons | 0 | |
| Spiked Barricades | 1 | |
| Melee Weapons | 1 | |
| Berserker Strength | 1 | |
| Shaman Training | 2 | |
| Burning Oil | 1 | |
| Pulverize | 1 | |
7 total
» buildings
| Altar of Storms | 1 | |
| Orc Burrow | 8 | |
| Barracks | 2 | |
| War Mill | 1 | |
| Voodoo Lounge | 1 | |
| Stronghold | 1 | |
| Great Hall | 1 | |
| Spirit Lodge | 1 | |
| Fortress | 1 | |
| Tauren Totem | 2 | |
| Beastiary | 1 | |
20 total
» build order
00:13 Altar of Storms
00:18 Orc Burrow
00:26 Barracks
02:03 Orc Burrow
03:19 War Mill
03:37 Voodoo Lounge
06:07 Stronghold
07:11 Orc Burrow
08:10 Orc Burrow
09:25 Great Hall
09:58 Barracks
10:07 Spirit Lodge
10:10 Fortress
11:54 Orc Burrow
13:12 Orc Burrow
14:52 Orc Burrow
16:38 Orc Burrow
17:34 Tauren Totem
18:33 Tauren Totem
19:37 Beastiary
» items
| Healing Salve | 1 | |
| Orb of Lightning | 1 | |
2 total
MyOwnLegion (
purple | 52 APM | 1609 actions | 30:52)
4 Blood Mage
2 Flame Strike
1 Siphon Mana
1 Banish
» actions
| Assign group hotkey | 180 | |
| Basic commands | 41 | |
| Build / train | 153 | |
| Enter build submenu | 21 | |
| Enter hero's abilities submenu | 4 | |
| Remove unit from queue | 1 | |
| Right click | 617 | |
| Select / deselect | 373 | |
| Select group hotkey | 157 | |
| Use ability | 62 | |
1609 total
» units
| Peasant | 29 | |
| Flying Machine | 71 | |
| Siege Engine | 18 | |
| Mortar Team | 5 | |
123 total
» upgrades
| Plating | 3 | |
| Gunpowder | 3 | |
| Masonry | 1 | |
| Lumber Harvesting | 2 | |
| Flak Cannons | 1 | |
| Flying Machine Bombs | 1 | |
| Barrage | 1 | |
| Armor | 1 | |
| Swords | 1 | |
14 total
» buildings
| Altar of Kings | 1 | |
| Barracks | 1 | |
| Farm | 8 | |
| Lumber Mill | 2 | |
| Arcane Vault | 1 | |
| Blacksmith | 1 | |
| Keep | 1 | |
| Scout Tower | 2 | |
| Guard Tower | 2 | |
| Castle | 1 | |
| Workshop | 2 | |
| Town Hall | 1 | |
23 total
» build order
00:07 Altar of Kings
00:39 Barracks
00:46 Farm
01:29 Farm
02:02 Lumber Mill
02:09 Lumber Mill
02:12 Farm
02:21 Arcane Vault
02:45 Blacksmith
02:52 Farm
03:23 Keep
04:07 Farm
04:47 Scout Tower
05:15 Farm
05:27 Guard Tower
05:29 Scout Tower
06:02 Castle
06:43 Farm
06:51 Workshop
06:58 Workshop
07:03 Guard Tower
08:00 Farm
14:22 Town Hall
» items
| Lesser Clarity Potion | 4 | |
| Potion of Healing | 1 | |
| Staff of Sanctuary | 1 | |
6 total
Noobtrooper (
blue | 44 APM | 1356 actions | 30:32)
4 Far Seer
2 Feral Spirit
2 Far Sight
» actions
| Basic commands | 7 | |
| Build / train | 75 | |
| Enter build submenu | 35 | |
| Enter hero's abilities submenu | 5 | |
| Remove unit from queue | 1 | |
| Right click | 633 | |
| Select / deselect | 516 | |
| Use ability | 81 | |
1356 total
» units
» upgrades
| Spiked Barricades | 1 | |
| Ranged Weapons | 3 | |
| Burning Oil | 1 | |
| Armor | 2 | |
7 total
» buildings
| Altar of Storms | 1 | |
| Orc Burrow | 8 | |
| War Mill | 2 | |
| Watch Tower | 17 | |
| Stronghold | 1 | |
| Fortress | 1 | |
| Barracks | 3 | |
| Great Hall | 1 | |
34 total
» build order
00:14 Altar of Storms
00:19 Orc Burrow
00:58 War Mill
02:06 Orc Burrow
02:53 Watch Tower
04:56 Watch Tower
05:01 Watch Tower
05:09 Watch Tower
05:31 Watch Tower
05:35 Watch Tower
06:19 Watch Tower
06:21 Watch Tower
06:25 Watch Tower
06:32 Watch Tower
06:47 Watch Tower
06:58 Watch Tower
07:08 Stronghold
08:23 Watch Tower
08:34 Orc Burrow
09:16 Watch Tower
09:18 Watch Tower
09:41 Fortress
09:46 Barracks
10:11 Barracks
11:40 Watch Tower
12:24 Orc Burrow
12:25 Orc Burrow
12:27 Orc Burrow
14:17 Watch Tower
14:23 War Mill
19:23 Great Hall
24:01 Barracks
24:07 Orc Burrow
24:10 Orc Burrow
team 2 (winner)
CaligulaXXXIIx (
teal | 106 APM | 3264 actions | 30:53)
5 Archmage
3 Blizzard
2 Brilliance Aura
5 Blood Mage
3 Flame Strike
1 Banish
1 Siphon Mana
» actions
| Assign group hotkey | 3 | |
| Basic commands | 1 | |
| Build / train | 105 | |
| Enter build submenu | 66 | |
| Enter hero's abilities submenu | 11 | |
| Give item / drop item | 5 | |
| Right click | 2082 | |
| Select / deselect | 453 | |
| Select group hotkey | 318 | |
| Use ability | 218 | |
3264 total
» units
| Peasant | 18 | |
| Priest | 2 | |
| Sorceress | 1 | |
| Goblin Zeppelin | 1 | |
22 total
» upgrades
| Masonry | 2 | |
| Magic Sentry | 1 | |
| Priest Training | 2 | |
| Lumber Harvesting | 1 | |
| Sorceress Training | 1 | |
7 total
» buildings
| Altar of Kings | 1 | |
| Farm | 6 | |
| Lumber Mill | 3 | |
| Scout Tower | 88 | |
| Arcane Tower | 7 | |
| Arcane Vault | 1 | |
| Guard Tower | 32 | |
| Keep | 1 | |
| Arcane Sanctum | 1 | |
| Castle | 1 | |
| Blacksmith | 1 | |
142 total
» build order
00:09 Altar of Kings
00:21 Farm
00:36 Lumber Mill
00:51 Farm
01:09 Scout Tower
01:36 Arcane Tower
01:37 Scout Tower
01:57 Arcane Vault
02:05 Scout Tower
02:08 Guard Tower
02:09 Scout Tower
02:43 Guard Tower
02:44 Scout Tower
02:48 Arcane Tower
02:50 Scout Tower
02:51 Scout Tower
03:11 Scout Tower
03:16 Scout Tower
03:17 Scout Tower
03:17 Scout Tower
03:19 Guard Tower
03:27 Guard Tower
03:35 Scout Tower
03:36 Scout Tower
03:38 Scout Tower
03:42 Guard Tower
03:49 Keep
03:53 Guard Tower
03:54 Guard Tower
03:57 Guard Tower
03:57 Guard Tower
03:57 Guard Tower
04:29 Guard Tower
04:30 Scout Tower
04:31 Scout Tower
04:49 Scout Tower
04:50 Scout Tower
04:52 Guard Tower
04:54 Scout Tower
04:55 Scout Tower
04:56 Scout Tower
05:00 Scout Tower
05:01 Scout Tower
05:16 Farm
05:23 Guard Tower
05:58 Guard Tower
06:05 Guard Tower
06:10 Scout Tower
06:11 Scout Tower
06:12 Scout Tower
06:12 Scout Tower
06:35 Farm
07:16 Arcane Sanctum
07:23 Guard Tower
07:39 Guard Tower
07:47 Castle
08:44 Lumber Mill
10:40 Farm
10:43 Guard Tower
10:49 Scout Tower
10:50 Scout Tower
10:50 Scout Tower
10:50 Scout Tower
10:51 Scout Tower
10:52 Scout Tower
10:52 Scout Tower
10:53 Scout Tower
10:53 Scout Tower
10:56 Scout Tower
10:57 Scout Tower
10:58 Scout Tower
11:08 Scout Tower
11:08 Scout Tower
11:10 Scout Tower
12:52 Guard Tower
12:55 Arcane Tower
12:56 Guard Tower
13:41 Farm
14:09 Blacksmith
14:13 Scout Tower
14:14 Scout Tower
14:15 Scout Tower
14:15 Scout Tower
14:16 Scout Tower
14:17 Scout Tower
14:18 Scout Tower
14:24 Arcane Tower
14:24 Guard Tower
15:19 Guard Tower
15:21 Scout Tower
15:22 Scout Tower
15:23 Scout Tower
16:33 Guard Tower
18:32 Guard Tower
19:02 Scout Tower
19:03 Scout Tower
19:05 Scout Tower
19:08 Scout Tower
19:31 Guard Tower
19:46 Scout Tower
19:47 Scout Tower
19:48 Scout Tower
19:50 Guard Tower
20:02 Scout Tower
20:03 Scout Tower
20:04 Scout Tower
20:05 Scout Tower
20:05 Scout Tower
21:12 Guard Tower
21:14 Lumber Mill
21:30 Scout Tower
21:31 Scout Tower
21:31 Scout Tower
22:00 Scout Tower
22:01 Scout Tower
22:02 Scout Tower
22:03 Scout Tower
22:04 Scout Tower
22:04 Scout Tower
22:06 Scout Tower
22:07 Scout Tower
24:11 Guard Tower
24:34 Scout Tower
24:35 Scout Tower
25:02 Arcane Tower
25:03 Arcane Tower
26:02 Arcane Tower
26:04 Scout Tower
26:05 Scout Tower
26:06 Scout Tower
26:07 Scout Tower
27:05 Guard Tower
29:30 Guard Tower
29:38 Scout Tower
29:39 Scout Tower
29:40 Scout Tower
29:40 Scout Tower
29:41 Scout Tower
29:43 Scout Tower
» items
| Scroll of Regeneration | 2 | |
| Lesser Clarity Potion | 9 | |
| Staff of Sanctuary | 2 | |
| Pendant of Energy | 2 | |
| Scroll of Town Portal | 2 | |
| Potion of Healing | 1 | |
| Ancient Janggo of Endurance | 1 | |
19 total
NerotendoLXIV (
orange | 71 APM | 2177 actions | 30:52)
10 Blademaster
3 Wind Walk
3 Critical Strike
1 Bladestorm
3 Mirror Image
» actions
| Assign group hotkey | 13 | |
| Basic commands | 49 | |
| Build / train | 77 | |
| ESC pressed | 1 | |
| Enter build submenu | 46 | |
| Enter hero's abilities submenu | 10 | |
| Give item / drop item | 10 | |
| Remove unit from queue | 2 | |
| Right click | 1171 | |
| Select / deselect | 460 | |
| Select group hotkey | 233 | |
| Use ability | 104 | |
2177 total
» units
| Peon | 25 | |
| Wind Rider | 3 | |
| Troll Batrider | 12 | |
40 total
» upgrades
| Ranged Weapons | 3 | |
| Armor | 3 | |
| Reinforced Defenses | 1 | |
| Envenomed Spears | 1 | |
| Liquid Fire | 1 | |
| Spiked Barricades | 3 | |
12 total
» buildings
| Altar of Storms | 1 | |
| Orc Burrow | 3 | |
| War Mill | 1 | |
| Voodoo Lounge | 2 | |
| Watch Tower | 30 | |
| Great Hall | 2 | |
| Stronghold | 1 | |
| Fortress | 1 | |
| Beastiary | 3 | |
44 total
» build order
00:06 Altar of Storms
00:18 Orc Burrow
00:38 War Mill
01:09 Voodoo Lounge
01:52 Watch Tower
02:12 Watch Tower
02:22 Orc Burrow
02:44 Watch Tower
03:39 Watch Tower
03:47 Watch Tower
04:46 Watch Tower
05:14 Watch Tower
05:31 Great Hall
05:44 Watch Tower
05:52 Watch Tower
06:28 Watch Tower
06:41 Watch Tower
06:43 Watch Tower
06:55 Watch Tower
07:06 Watch Tower
07:34 Watch Tower
07:47 Watch Tower
07:49 Watch Tower
08:30 Stronghold
08:42 Voodoo Lounge
08:46 Watch Tower
08:59 Watch Tower
09:02 Watch Tower
09:48 Watch Tower
09:49 Watch Tower
10:19 Watch Tower
10:21 Watch Tower
10:53 Watch Tower
10:58 Watch Tower
11:00 Watch Tower
11:08 Fortress
11:24 Beastiary
11:27 Beastiary
11:47 Watch Tower
11:49 Watch Tower
12:04 Orc Burrow
19:29 Beastiary
26:51 Great Hall
26:53 Watch Tower
» items
| Healing Salve | 5 | |
| Boots of Speed | 1 | |
| Staff of Teleportation | 1 | |
| Scroll of Town Portal | 1 | |
| Orb of Lightning | 1 | |
| Claws of Attack +12 | 1 | |
10 total
TheTiniestGoku (
pink | 51 APM | 1563 actions | 30:52)
8 Warden
3 Shadow Strike
3 Blink
1 Spirit of Vengeance
1 Fan of Knives
» actions
| Assign group hotkey | 16 | |
| Basic commands | 29 | |
| Build / train | 85 | |
| ESC pressed | 12 | |
| Enter build submenu | 22 | |
| Enter hero's abilities submenu | 8 | |
| Give item / drop item | 4 | |
| Right click | 641 | |
| Select / deselect | 168 | |
| Select group hotkey | 460 | |
| Use ability | 118 | |
1563 total
» units
» upgrades
| Ultravision | 1 | |
| Strength of the Wild | 3 | |
| Druid of the Talon Training | 2 | |
| Nature's Blessing | 1 | |
| Well Spring | 1 | |
| Corrosive Breath | 1 | |
| Reinforced Hides | 3 | |
| Hippogryph Taming | 1 | |
| Backpack | 1 | |
| Mark of the Talon | 1 | |
| Strength of the Moon | 2 | |
| Moon Armor | 1 | |
18 total
» buildings
| Altar of Elders | 1 | |
| Moon Well | 13 | |
| Hunter's Hall | 1 | |
| Tree of Ages | 5 | |
| Tree of Eternity | 1 | |
| Ancient of Wonders | 1 | |
| Ancient of Wind | 1 | |
| Tree of Life | 4 | |
| Chimaera Roost | 2 | |
29 total
» build order
00:06 Altar of Elders
00:15 Moon Well
01:20 Moon Well
01:43 Moon Well
02:28 Moon Well
03:34 Hunter's Hall
04:07 Tree of Ages
04:43 Moon Well
05:29 Tree of Ages
05:30 Tree of Ages
05:30 Tree of Ages
07:52 Tree of Eternity
08:00 Moon Well
08:11 Moon Well
08:22 Ancient of Wonders
08:35 Ancient of Wind
09:01 Moon Well
09:11 Moon Well
10:35 Tree of Life
10:47 Chimaera Roost
10:51 Chimaera Roost
20:20 Tree of Life
23:44 Tree of Life
23:50 Moon Well
23:51 Moon Well
23:51 Moon Well
23:52 Moon Well
30:18 Tree of Life
» items
| Boots of Speed | 1 | |
| Staff of Teleportation | 1 | |
| Moonstone | 1 | |
| Staff of Preservation | 1 | |
| Orb of Venom | 1 | |
| Lesser Clarity Potion | 1 | |
| Healing Salve | 1 | |
| Mechanical Critter | 2 | |
| Amulet of Spell Shield | 1 | |
10 total
Chat log
(00:13 / All) NerotendoLXIV: half the time
(00:16 / All) NerotendoLXIV: we play all the time
(01:23 / All) NerotendoLXIV: ~*~Fight With Honor And Have Excellent Manner~*~
(01:30 / All) CaligulaXXXIIx: Excuse me, please fill out the From Form
(17:41 / All) NerotendoLXIV: "Hey bros lets try this awesome strat
(17:46 / All) CaligulaXXXIIx: hey
(17:47 / All) CaligulaXXXIIx: bro
(17:48 / All) CaligulaXXXIIx: let's
(17:49 / All) CaligulaXXXIIx: lose
(17:50 / All) CaligulaXXXIIx: blade
(17:50 / All) CaligulaXXXIIx: to
(17:51 / All) CaligulaXXXIIx: tower
(18:00 / All) CaligulaXXXIIx: and gyro
(18:02 / All) CaligulaXXXIIx: and grunt
(24:14 / All) CaligulaXXXIIx: you guys
(24:15 / All) CaligulaXXXIIx: this isn't RT
(24:18 / All) CaligulaXXXIIx: none of this works
(24:20 / All) CaligulaXXXIIx: against us
(24:32 / All) Noobtrooper: it dont matter
(24:36 / All) CaligulaXXXIIx: true
(24:37 / All) Noobtrooper: were bored
(24:39 / All) CaligulaXXXIIx: you lose no matter what
(24:40 / All) MyOwnLegion: these are scrub acounts neway
(24:41 / All) NerotendoLXIV: very nihilistic of you
(24:43 / All) MyOwnLegion: for abuse later
(24:50 / All) MyOwnLegion: hints my 1-15 ud haha
(24:54 / All) NerotendoLXIV: haha!
(25:13 / All) NerotendoLXIV: I - XV is a fecal record fyi
(26:24 / All) CaligulaXXXIIx: hey
(26:26 / All) CaligulaXXXIIx: i get the feeling
(26:28 / All) CaligulaXXXIIx: you don't need to abuse
(26:39 / All) Noobtrooper: we dont
(26:44 / All) Noobtrooper: but w.e works
(26:50 / All) CaligulaXXXIIx: nothing you're doing works
(27:03 / All) Noobtrooper: but its funny to watch
(27:04 / All) MyOwnLegion: bc this game doesnt matter haha
(27:11 / All) MyOwnLegion: i wanted to mass copters
(27:13 / All) MyOwnLegion: soooo
(27:16 / All) MyOwnLegion: i did
(27:18 / All) MyOwnLegion: ;_)
(27:19 / All) NerotendoLXIV: bow
(27:24 / All) CaligulaXXXIIx: scrubshits
(28:23 / All) CaligulaXXXIIx: bad names
(28:24 / All) CaligulaXXXIIx: bad game
(28:30 / All) CaligulaXXXIIx: i mean this is a good game for me
(28:36 / All) CaligulaXXXIIx: tanks
(28:37 / All) CaligulaXXXIIx: still
(28:38 / All) CaligulaXXXIIx: really?
(28:45 / All) NerotendoLXIV: make me play a XXXVIII minute game for nothing
(28:47 / All) MyOwnLegion: i told u i don;t care'
(28:53 / All) MyOwnLegion: if u want a rematch'
(28:59 / All) MyOwnLegion: i can try next time
(29:01 / All) CaligulaXXXIIx: ok
(29:02 / All) CaligulaXXXIIx: 1v1?
(29:02 / All) Noobtrooper: me too
(29:05 / All) Noobtrooper: we can all try
(29:11 / All) Noobtrooper: 3v3v if u want
(29:14 / All) NerotendoLXIV: 1v1
(29:15 / All) NerotendoLXIV: bow
(29:16 / All) CaligulaXXXIIx: 1v1
(29:18 / All) CaligulaXXXIIx: true skill type
(29:44 / All) Noobtrooper: i dont wanan waste time to do 1v1 1v1 1v1
(29:49 / All) CaligulaXXXIIx: pick your best
(30:34 / All) MyOwnLegion: wow team killer
(30:36 / All) NerotendoLXIV: gg
(30:37 / All) CaligulaXXXIIx: highper.ch
(30:39 / All) CaligulaXXXIIx: clan towa
(30:47 / All) MyOwnLegion: ur lucky yellow team kill me
(30:51 / All) CaligulaXXXIIx: nah